Map: Cactus Valley LE (Void)

Players

Bop - Winner!

  • Race: Terran Terran

Matiz

  • Race: Zerg Zerg

VOD

Have the link to the VOD?

Description

Time

  • Played on: May 6, 2015, 6:36 a.m.
  • Length: 9:07
Show
View Real Time Build Order
Export as new Build Order

Bop Terran - Winner!

Build Orders: Command Center First (CC), MMM Bio, Siege Tank Drop 

Get SALT Encoding   

  12  0:00  SCV  
  13  0:13  SCV  
  14  0:17  Supply Depot  
  14  0:25  SCV  
  15  0:39  SCV  
  16  0:56  Command Center  
  16  1:02  SCV  
  17  1:12  Barracks  
  17  1:16  SCV  
  18  1:22  Refinery  
  18  1:28  SCV  
  19  1:40  SCV  
  20  2:02  Orbital Command  
  20  2:03  Marine  
  20  2:06  Supply Depot  
  21  2:08  Orbital Command  
  21  2:13  Bunker  
  21  2:21  Marine  
  22  2:33  Factory  
  22  2:34  SCV  
  22  2:35  SCV  
  24  2:40  Marine  
  25  2:46  SCV  
  26  2:51  SCV  
  26  2:55  Refinery  
  27  2:58  SCV  
  27  3:03  SCV  
  27  3:04  Barracks Reactor  
  29  3:10  SCV  
  30  3:15  SCV  
  31  3:21  Supply Depot  
  31  3:23  SCV, Starport, Engineering Bay  
  31  3:24  Factory Tech Lab  
  32  3:28  SCV  
  33  3:35  SCV  
  33  3:40  SCV  
  35  3:43  Command Center  
  35  3:46  Siege Tank  
  35  3:47  Marine x2  
  40  3:49  SCV  
  40  3:52  SCV  
  42  4:01  SCV  
  42  4:05  Marine x2  
  42  4:09  Medivac  
  47  4:10  SCV  
  47  4:13  SCV  
  47  4:15  Barracks  
  47  4:17  Barracks  
  48  4:23  SCV, Marine x2  
  51  4:25  SCV  
  51  4:28  Supply Depot x2  
  51  4:30  Terran Infantry Weapons Level 1  
  52  4:35  SCV  
  53  4:39  SCV  
  54  4:48  Refinery x2  
  54  4:49  Marine x2  
  54  4:50  SCV  
  54  4:51  SCV  
  58  4:53  Siege Tank  
  58  4:55  Orbital Command  
  58  4:58  Supply Depot  
  61  5:03  Barracks Reactor, Barracks Tech Lab  
  61  5:07  Marine  
  61  5:11  SCV x2  
  64  5:19  Armory  
  64  5:24  Marine  
  65  5:32  Marine  
  65  5:33  Siege Tank  
  65  5:35  SCV x3  
  72  5:40  Marine  
  72  5:41  Stimpack, Missile Turret, Marine x3  
  72  5:42  Supply Depot  
  76  5:44  Supply Depot  
  76  5:47  SCV x2, Orbital Command  
  78  5:53  Marine  
  79  5:58  Marine x2  
  79  5:59  SCV x2  
  79  6:02  Starport Reactor  
  83  6:10  Supply Depot  
  83  6:11  Barracks  
  83  6:12  Supply Depot, Barracks  
  83  6:13  Barracks  
  83  6:15  Siege Tank, Marine x3  
  89  6:22  Marine x2  
  91  6:32  Marine  
  91  6:33  Marine  
  91  6:39  Marine  
  81  6:40  Medivac, Marine x2  
  75  6:47  Siege Tank  
  75  6:50  Marine  
  73  6:55  Marine  
  73  6:57  Marine, Medivac  
  73  6:58  Marine x2  
  75  7:08  Terran Vehicle and Ship Weapons Level 1, Marine  
  75  7:13  Barracks Reactor  
  75  7:15  Barracks Reactor x2  
  76  7:19  Marine x3  
  73  7:23  SCV  
  73  7:24  SCV x2  
  76  7:31  Marine  
  76  7:32  Marine  
  78  7:37  Marine x2  
  78  7:38  Siege Tank  
  78  7:41  SCV x3, Orbital Command  
  78  7:42  Combat Shields  
  86  7:44  Marine  
  86  7:47  Missile Turret  
  86  7:49  Marine x2  
  89  7:53  SCV, Medivac x2  
  89  7:54  Marine x5  
  89  7:55  Marine x2  
  97  8:02  Marine  
  97  8:06  SCV x3  
  97  8:10  Missile Turret, Marine x2  
  97  8:12  Marine  
  104  8:17  Marine x3  
  104  8:18  SCV  
  104  8:19  SCV  
  109  8:25  Marine  
  109  8:26  Marine x3  
  109  8:27  Medivac  
  115  8:32  Marine  
Show
View Real Time Build Order
Export as new Build Order

Matiz Zerg 

Build Orders: Hatch First 

Get SALT Encoding   

  12  0:01  Drone  
  13  0:14  Overlord  
  13  0:18  Drone  
  14  0:25  Extractor  
  14  0:26  Drone  
  15  0:33  Drone  
  16  0:37  Drone  
  17  0:54  Hatchery  
  16  0:58  Drone  
  16  1:00  Drone  
  18  1:13  Spawning Pool  
  18  1:16  Drone  
  18  1:20  Drone  
  19  1:30  Drone, Extractor  
  19  1:41  Drone  
  20  1:48  Hatchery  
  19  2:01  Queen  
  19  2:06  Zergling x2  
  22  2:11  Queen  
  24  2:17  Drone  
  24  2:19  Drone  
  26  2:24  Overlord  
  26  2:31  Metabolic Boost  
  26  2:35  Drone  
  27  2:38  Drone  
  27  2:44  Drone x2  
  30  2:46  Drone  
  31  2:51  Overlord  
  31  2:54  Drone  
  31  2:56  Drone  
  33  3:05  Drone x2  
  35  3:08  Overlord  
  35  3:12  Drone x3  
  37  3:14  Drone  
  37  3:17  Drone  
  37  3:19  Drone  
  40  3:23  Drone  
  40  3:24  Drone  
  42  3:31  Drone  
  42  3:32  Drone x3  
  46  3:38  Roach Warren  
  45  3:42  Extractor  
  45  3:44  Queen  
  46  3:49  Lair  
  46  3:50  Drone  
  46  3:51  Drone  
  46  3:53  Drone  
  46  3:54  Drone  
  50  3:56  Drone  
  50  3:58  Drone  
  50  4:02  Drone x2, Extractor  
  53  4:03  Drone  
  53  4:07  Overlord  
  53  4:08  Overlord  
  54  4:17  Drone x3  
  54  4:18  Overlord x2  
  57  4:25  Roach x2  
  57  4:26  Roach x2  
  57  4:29  Drone x2  
  67  4:33  Roach x2  
  71  4:38  Overlord  
  71  4:41  Overlord  
  71  4:44  Extractor  
  71  4:45  Extractor  
  69  4:47  Glial Reconstitution  
  69  4:48  Overlord  
  69  4:49  Roach x2  
  69  4:50  Roach  
  76  4:55  Overlord  
  76  5:06  Drone x3  
  80  5:07  Drone x2  
  80  5:08  Burrow  
  80  5:09  Roach x2  
  85  5:17  Overlord  
  85  5:20  Roach x5  
  95  5:30  Overlord  
  95  5:33  Drone  
  95  5:34  Roach x2  
  95  5:35  Roach x4  
  106  5:38  Overlord  
  106  5:40  Roach x2  
  110  5:48  Roach x4  
  118  5:54  Roach x2  
  118  5:55  Roach  
  118  5:56  Overlord  
  124  5:58  Overlord  
  124  6:01  Roach  
  124  6:02  Roach  
  128  6:07  Roach x3  
  128  6:10  Overseer  
  134  6:14  Roach x17  
  135  6:18  Drone x2  
  135  6:21  Roach x7  
  135  6:22  Overlord  
  136  6:27  Hatchery  
  136  6:31  Roach x8  
  123  6:35  Roach  
  123  6:36  Roach x16  
  119  6:40  Roach x4  
  119  6:43  Roach x3  
  119  6:44  Roach  
  117  6:48  Roach x3  
  97  7:07  Drone x7  
  97  7:08  Drone x2  
  104  7:12  Spire  
  104  7:13  Extractor  
  104  7:14  Extractor  
  100  7:21  Hatchery  
  99  7:26  Roach x2  
  99  7:27  Roach x3  
  109  7:34  Drone  
  109  7:35  Drone x7  
  117  7:42  Baneling Nest  
  116  8:03  Extractor  
  116  8:05  Extractor  
  110  8:06  Overlord x3  
  110  8:07  Zergling x16  
  110  8:08  Zergling x4  
  120  8:13  Overlord  
  120  8:21  Overlord  
  120  8:24  Mutalisk x8  
  120  8:26  Overseer  
  136  8:28  Overseer  
  136  8:31  Baneling x4  
  136  8:35  Zergling x14  
  133  8:48  Zergling x14  
  131  8:49  Zergling x6  
Tags
 
Add a new tag
Caveats
  • Supply blocks, unpowered buildings, or Contaminate may cause inaccurate times.
  • Supply counts are checked every 10 seconds.